 Dungeon Crawl Stone Soup version 0.19-a0-860-g5c370dd (webtiles) character file.

1284 Kurtz the Basher (level 8, -1/62 HPs)
             Began as a Mummy Berserker on July 2, 2016.
             Was an Elder of Trog.
             Slain by Prince Ribbit (6 damage)
             ... on level 5 of the Dungeon.
             The game lasted 00:10:28 (5565 turns).

Kurtz the Basher (Mummy Berserker)                  Turns: 5565, Time: 00:10:28

Health: -1/62      AC: 16    Str: 20    XL:     8   Next: 29%
Magic:  8/8        EV:  8    Int:  7    God:    Trog [****..]
Gold:   224        SH:  0    Dex: 13    Spells: 0 memorised, 7 levels left

rFire  x . .     SeeInvis .     a - +0 mace
rCold  + . .     Gourm    .     w - +4 chain mail
rNeg   + + +     Faith    .     (no shield)
rPois  ∞         Spirit   .     v - +0 helmet
rElec  .         Dismiss  .     f - +1 cloak
rCorr  .         Reflect  .     c - +0 pair of gloves
SustAt .         Harm     .     (no boots)
MR     +++..                    (no amulet)
Stlth  ..........               (no ring)
                                (no ring)

@: regenerating, extremely resistant to hostile enchantments, extremely
unstealthy
A: no food or potions, fire vulnerability, cold resistance 1, negative energy
resistance 3, torment resistance, unbreathing
a: Trog's Hand, Brothers in Arms, Burn Spellbooks, Renounce Religion


You were on level 5 of the Dungeon.
You worshipped Trog.
Trog was greatly pleased with you.
You were not hungry.

You visited 1 branch of the dungeon, and saw 5 of its levels.
You also visited: Sewer.

You collected 224 gold pieces.

Inventory:

Hand Weapons
 a - a +0 mace (weapon)
 t - a +0 long sword
Missiles
 i - 26 poisoned needles
Armour
 b - a +0 animal skin
 c - a +0 pair of gloves (worn)
 f - a +1 cloak (worn)
 g - a +0 leather armour
 l - a +0 ring mail
 m - a +0 scale mail
 p - a +0 chain mail
 v - a +0 helmet (worn)
 w - a +4 chain mail (worn)
Wands
 d - a wand of lightning (0/15)
 k - a wand of random effects (11/48)
 u - a wand of teleportation (0/9)
Scrolls
 e - 2 scrolls of immolation
 h - a scroll of teleportation
 j - 2 scrolls of enchant armour
 n - 2 scrolls of magic mapping
 o - a scroll of noise
 q - a scroll of remove curse {unknown}
 r - a scroll of blinking
 s - a scroll of recharging {unknown}


   Skills:
 + Level 5.1 Fighting
 * Level 8.1 Maces & Flails
 - Level 1.5 Armour
 - Level 1.5 Dodging


You had 7 spell levels left.
You didn't know any spells.

Dungeon Overview and Level Annotations

Branches:
Dungeon (5/15)
 Temple: D:4-7

Altars:
Fedhas
Hepliaklqana
Kikubaaqudgha
Pakellas
Ru
Uskayaw
Xom

Annotations:
D:5 Prince Ribbit


Innate Abilities, Weirdness & Mutations

You do not eat or drink.
Your flesh is vulnerable to fire.
You are immune to poison.
Your flesh is cold resistant. (rC+)
You are immune to negative energy. (rN+++)
You are immune to unholy pain and torment.
You can survive without breathing.


Message History

You feel less resistant to hostile enchantments.
Prince Ribbit hits you.
* * * LOW HITPOINT WARNING * * *
Prince Ribbit hits you but does no damage.
You barely miss Prince Ribbit.
Prince Ribbit is severely wounded.
Prince Ribbit lets out a mournful croak.
Prince Ribbit hits you.
* * * LOW HITPOINT WARNING * * *
Prince Ribbit barely misses you.
Prince Ribbit hits you but does no damage.
Your skin crawls.
You feel resistant to hostile enchantments.
Prince Ribbit hits you.
* * * LOW HITPOINT WARNING * * *
Prince Ribbit hits you but does no damage.
Prince Ribbit hits you but does no damage.
You see here an arrow.
Prince Ribbit hits you.
You die...

#.......#.......#
#####.###.......#
#.#.#.##....#
#)#....+....#
#.#.#.##....#..
####(#.#.#.........
##...(#.#.#.###.....
#..##F#.............
#...@.(.............
#..#######+#######..
#..# .. #..# #..#
#..# #..# ##.# #.+


You could see Prince Ribbit.

Vanquished Creatures
  Grinder (D:3)
  2 ogres (D:4)
  A centaur (D:5)
  2 giant frogs (Sewer)
  2 orc wizards
  2 giant frog skeletons
  2 hounds (D:5)
  Ijyb (D:2)
  2 worker ants (D:4)
  2 hound skeletons (D:4)
  Robin (D:4)
  A gnoll (D:1)
  9 adders
  A shadow imp (D:5)
  16 oozes (Sewer)
  An adder skeleton (D:4)
  2 worms (D:2)
  2 dart slugs (D:1)
  17 giant geckos
  6 orcs
  10 ball pythons
  6 bats
  19 giant cockroaches
  21 goblins
  9 hobgoblins
  13 jackals
  4 kobolds
  A quokka (D:3)
  12 giant newts
  A quokka skeleton (D:4)
  4 rats
173 creatures vanquished.

Vanquished Creatures (collateral kills)
  The ghost of Mordru the Slasher, an amateur MiGl (D:4)
1 creature vanquished.

Grand Total: 174 creatures vanquished

Notes
Turn   | Place    | Note
-------+----------+-------------------------------------------
     0 | D:1      | Kurtz the Mummy Berserker began the quest for the Orb.
     0 | D:1      | Reached XP level 1. HP: 18/18 MP: 1/1
   175 | D:1      | Reached skill level 3 in Maces & Flails
   175 | D:1      | Reached XP level 2. HP: 6/24 MP: 2/2
   552 | D:1      | Reached XP level 3. HP: 21/29 MP: 3/3
   830 | D:1      | Reached ** piety under Trog
  1068 | D:2      | Reached skill level 4 in Maces & Flails
  1068 | D:2      | Reached XP level 4. HP: 30/35 MP: 4/4
  1247 | D:2      | Found an ancient bone altar of Kikubaaqudgha.
  1602 | D:2      | Noticed Ijyb
  1624 | D:2      | Killed Ijyb
  1870 | D:2      | Found a sacrificial altar of Ru.
  1872 | D:2      | Found a hide-covered altar of Uskayaw.
  1875 | D:2      | Found a shimmering altar of Xom.
  1989 | D:3      | Noticed Grinder
  1991 | D:3      | Paralysed by Grinder for 3 turns
  1996 | D:3      | Paralysed by Grinder for 4 turns
  2009 | D:3      | Killed Grinder
  2009 | D:3      | Reached skill level 5 in Maces & Flails
  2009 | D:3      | Reached XP level 5. HP: 25/41 MP: 5/5
  2009 | D:3      | Reached XP level 6. HP: 29/47 MP: 6/6
  2219 | D:3      | Reached *** piety under Trog
  2329 | D:3      | Reached skill level 6 in Maces & Flails
  2889 | D:4      | Found a hazy altar of Hepliaklqana.
  3256 | D:4      | Noticed Mordru's ghost (amateur MiGl)
  3268 | D:4      | Found a glowing drain.
  3272 | Sewer    | Entered a sewer
  3564 | Sewer    | Reached **** piety under Trog
  3807 | Sewer    | Reached XP level 7. HP: 51/52 MP: 7/7
  4087 | Sewer    | Reached skill level 7 in Maces & Flails
  4374 | D:4      | Killed Mordru's ghost
  4630 | D:4      | Found an oddly glowing altar of Pakellas.
  4676 | D:4      | Found a blossoming altar of Fedhas.
  5016 | D:4      | Noticed Robin
  5054 | D:4      | Reached XP level 8. HP: 33/61 MP: 8/8
  5105 | D:4      | Killed Robin
  5410 | D:5      | Entered Level 5 of the Dungeon
  5475 | D:5      | Reached skill level 5 in Fighting
  5475 | D:5      | Reached skill level 8 in Maces & Flails
  5507 | D:5      | Noticed Prince Ribbit
  5563 | D:5      | HP: 3/62 [Prince Ribbit (6)]
  5565 | D:5      | Slain by Prince Ribbit

Vault maps used:
D:1:      nicolae_arrival_washed_ashore, minmay_split_cup_small
D:2:      kennysheep_goblin_castle, old_standard_altar, minitemple
D:3:      uniq_grinder
D:4:      nicolae_overflow_crystal_walls, lemuel_crystal_altar,
          kennysheep_mini_moat, gup_sewer_entry_bowl, first_bread, uniq_robin
D:5:      minmay_door_square, uniq_prince_ribbit1, uniq_blork_the_orc
Sewer:    sewer_frog_island_02

Skill      XL: |  1  2  3  4  5  6  7  8 |
---------------+-------------------------+-----
Maces & Flails | 3 4 5 6 7 8 |  8.1
Fighting       | 4 5 |  5.1
Armour         | |  1.5
Dodging        | |  1.5

Action                   |  1- 3 |  4- 6 |  7- 9 || total
-------------------------+-------+-------+-------++-------
Melee: Mace              |   104 |   404 |   310 ||   818
Invok: Trog's Hand       |       |     1 |     2 ||     3
       Brothers in Arms  |       |       |     1 ||     1
Evoke: Wand              |       |     2 |     9 ||    11
  Use: Scroll            |       |     5 |     3 ||     8
Armor: Animal skin       |    26 |       |       ||    26
       Leather armour    |    16 |     3 |       ||    19
       Ring mail         |       |    28 |       ||    28
       Scale mail        |       |    56 |       ||    56
       Chain mail        |       |   220 |   234 ||   454
Dodge: Dodged            |   112 |   258 |   188 ||   558
